 Dungeon Crawl Stone Soup version 0.19-a0-599-g723c685 (webtiles) character file.

131 Geppetto the Charmwright (level 4, -1/37 HPs)
             Began as a Draconian Skald on June 11, 2016.
             Was an Initiate of Ashenzari.
             Slain by Grinder (3 damage)
             ... while paralysed by Grinder
             ... on level 3 of the Dungeon.
             The game lasted 00:12:36 (3094 turns).

Geppetto the Charmwright (Draconian Skald)          Turns: 3094, Time: 00:12:37

Health: -1/37      AC:  5    Str: 15    XL:     4   Next: 91%
Magic:  1/7        EV:  2    Int: 12    God:    Ashenzari [......]
Gold:   93         SH:  0    Dex: 11    Spells: 3 memorised, 2 levels left

rFire  . . .     SeeInvis .     e - +0 hand axe (chop) (curse)
rCold  . . .     Gourm    .     (armour unavailable)
rNeg   . . .     Faith    .     (no shield)
rPois  .         Spirit   .     (helmet restricted)
rElec  .         Dismiss  .     (no cloak)
rCorr  .         Reflect  .     (no gloves)
SustAt .         Harm     .     (no boots)
MR     .....                    (no amulet)
Stlth  +.........               (no ring)
                                j - ring of flight

@: paralysed, not resistant to hostile enchantments, very unstealthy
A: unfitting armour, cold-blooded, AC +5
a: Curse Item, Renounce Religion, Evoke Flight


You were on level 3 of the Dungeon.
You worshipped Ashenzari.
Ashenzari was noncommittal.
You were not hungry.

You visited 1 branch of the dungeon, and saw 3 of its levels.

You collected 93 gold pieces.

Inventory:

Hand Weapons
 a - a +0 falchion
 e - a cursed +0 hand axe of chopping (weapon)
Jewellery
 j - a ring of flight (left hand)
Wands
 i - a wand of confusion (14/48)
Scrolls
 d - 3 scrolls of blinking
 f - 2 scrolls of remove curse
 p - 3 scrolls of recharging {unknown}
Potions
 g - 2 potions of might
 h - a potion of resistance {unknown}
 k - a potion of heal wounds
 l - 2 potions of lignification
 m - a potion of brilliance {unknown}
Books
 b - a book of Battle

   Spells                             Type                      Level
   a - Infusion                       Charms                       1
   b - Shroud of Golubria             Charms/Translocation         2
   c - Song of Slaying                Charms                       2
   d - Spectral Weapon                Hexes/Charms                 3
   e - Regeneration                   Charms/Necromancy            3
Comestibles
 c - 2 bread rations
 n - 4 chunks of flesh
 o - a royal jelly
 q - a meat ration


   Skills:
 - Level 2.5 Fighting
 - Level 2.0 Long Blades
 * Level 2.1 Axes
 - Level 1.3 Dodging
 - Level 2.0 Spellcasting
 * Level 4.1 Charms
 + Level 1.4 Translocations


You had 2 spell levels left.
You knew the following spells:

 Your Spells              Type           Power        Failure   Level  Hunger
a - Infusion              Chrm           ##..         6%          1    ##.....
b - Shroud of Golubria    Chrm/Tloc      #.........   14%         2    ###....
c - Song of Slaying       Chrm           ##......     10%         2    ###....


Dungeon Overview and Level Annotations

Branches:
Dungeon (3/15)

Altars:
Ashenzari
Xom

Annotations:
D:3 Grinder


Innate Abilities, Weirdness & Mutations

Your plain brown scales are hard. (AC +5)
Your body does not fit into most forms of armour.
You are cold-blooded and may be slowed by cold attacks.


Message History

Grinder gestures at you.
You barely resist.
Your shroud unravels.
Grinder hits you but does no damage.
Found a scroll of teleportation.
You closely miss Grinder. You tail-slap Grinder.
Grinder is almost dead.
Grinder closely misses you.
You closely miss Grinder.
Grinder is almost dead.
Grinder gestures at you.
You suddenly lose the ability to move!
Grinder hits you!
You writhe in agony.
Grinder blinks!
Grinder hits you.
You writhe in agony.
* * * LOW HITPOINT WARNING * * *
Grinder hits you!
* * * LOW HITPOINT WARNING * * *
You writhe in agony.
You die...

..#.# #### ### .... ../ ..# ?
# ..# #.# #.# ..##.
#.#####.#####.####
.(..##.##........#.#...
#.....#.##.#^#.......
#.....##.#...#.#.##
#.@....†.......#.## ##.#
##5#############.## #...#
###.### #... #...# #.....###
#### #...# #.#.#.#.######### #
#####...######.#.#....##.....#
#
#...........##.#..?....#.....#
#
...[...........##............#
#
#...........##...............#
#


You could see Grinder.

Vanquished Creatures
  Ijyb (D:2)
  2 adders (D:2)
  An ooze (D:2)
  3 worms (D:2)
  2 dart slugs
  A giant gecko (D:2)
  3 ball pythons
  10 bats
  A giant cockroach (D:1)
  8 goblins
  8 hobgoblins
  7 jackals (D:1)
  6 kobolds
  4 quokkas
  5 giant newts
  4 rats
66 creatures vanquished.

Notes
Turn   | Place    | Note
--------------------------------------------------------------
     0 | D:1      | Geppetto the Draconian Skald began the quest for the Orb.
     0 | D:1      | Reached XP level 1. HP: 17/17 MP: 3/3
   259 | D:1      | Reached XP level 2. HP: 24/25 MP: 5/5
   282 | D:1      | Reached skill level 3 in Charms
   611 | D:1      | Learned a level 2 spell: Shroud of Golubria
   794 | D:1      | Reached skill level 1 in Axes
   794 | D:1      | Reached XP level 3. HP: 15/30 MP: 1/6
  1027 | D:1      | Learned a level 2 spell: Song of Slaying
  1671 | D:2      | Noticed Ijyb
  1724 | D:2      | Killed Ijyb
  1724 | D:2      | Reached skill level 1 in Translocations
  1724 | D:2      | Reached XP level 4. HP: 37/37 MP: 0/7
  1924 | D:2      | Found a shattered altar of Ashenzari.
  2376 | D:2      | Reached skill level 4 in Charms
  2679 | D:3      | Found a shimmering altar of Xom.
  2750 | D:2      | Became a worshipper of Ashenzari the Shackled
  3053 | D:3      | Noticed Grinder
  3068 | D:3      | Paralysed by Grinder for 3 turns
  3073 | D:3      | Paralysed by Grinder for 6 turns
  3088 | D:3      | Paralysed by Grinder for 7 turns
  3094 | D:3      | Slain by Grinder

Vault maps used:
D:1:      dpeg_arrival_ternary
D:2:      kennysheep_big_flooded_room, lemuel_round_altar, serial_corexii_hall,
          corexii_hall_statues_deadend, corexii_hall_statues_i, uniq_iyjb
D:3:      okawaru_gym_becter, old_standard_altar, first_bread, uniq_grinder

Skill      XL: |  1  2  3  4 |
---------------+-------------+-----
Charms         | 3 4 |  4.1
Axes           | 1 2 |  2.1
Translocations | 1 |  1.4
Fighting       | |  2.5
Long Blades    | |  2.0
Dodging        | |  1.3
Spellcasting   | |  2.0

Action                   |  1- 3 |  4- 6 || total
-------------------------+-------+-------++-------
Melee: Falchion          |    33 |       ||    33
       Tailslap          |    15 |     5 ||    20
       Hand axe          |   125 |    93 ||   218
 Cast: Shroud of Golubri |     6 |     7 ||    13
       Infusion          |     1 |     3 ||     4
       Song of Slaying   |       |     3 ||     3
Invok: Curse Item        |       |     1 ||     1
 Abil: Evoke Flight      |       |     1 ||     1
  Use: Scroll            |     8 |     2 ||    10
       Potion            |       |     1 ||     1
 Stab: Sleeping          |       |     1 ||     1
  Eat: Chunk             |     3 |     6 ||     9
Armor: Skin              |    62 |    30 ||    92
Dodge: Dodged            |   129 |    65 ||   194
